Map: Goldenaura LE

Players

rittlewolf - Winner!

  • Race: Protoss Protoss
  • League: Diamond
  • Spawn Location: 12:00

SubN

  • Race: Zerg Zerg
  • League: Diamond
  • Spawn Location: 5:00

VOD

Have the link to the VOD?

Description

Time

  • Played on: Dec. 22, 2023, 5:07 p.m.
  • Length: 6:51
Show
View Real Time Build Order
Export as new Build Order

rittlewolf Protoss - Winner!

Build Orders: Cannon Rush 

Get SALT Encoding   

  12  0:00  Probe (Chrono Boost)  
  13  0:10  Probe (Chrono Boost)  
  14  0:18  Pylon  
  14  0:23  Probe  
  15  0:36  Probe  
  15  0:38  Forge  
  16  0:48  Probe  
  17  0:52  Pylon  
  17  0:57  Assimilator  
  17  1:12  Photon Cannon  
  17  1:19  Photon Cannon  
  17  1:29  Gateway  
  17  1:36  Pylon  
  17  1:42  Probe  
  17  1:44  Assimilator  
  18  1:57  Photon Cannon  
  18  1:58  Probe (Chrono Boost)  
  19  2:10  Probe (Chrono Boost)  
  20  2:17  Probe (Chrono Boost)  
  20  2:22  Cybernetics Core  
  21  2:24  Probe  
  22  2:33  Photon Cannon  
  22  2:43  Probe  
  23  2:49  Pylon  
  23  3:00  Robotics Facility  
  23  3:08  Shield Battery  
  23  3:12  Shield Battery  
  23  3:13  Warp Gate  
  23  3:14  Stalker  
  25  3:20  Probe  
  26  3:29  Photon Cannon  
  26  3:40  Gateway  
  26  3:53  Stalker  
  28  4:01  Immortal (Chrono Boost)  
  32  4:12  Shield Battery  
  32  4:36  Gateway  
  33  4:39  Observer  
  33  5:00  Observer  
  33  5:03  Immortal, Stalker x2  
  41  5:29  Nexus  
  41  5:31  Probe (Chrono Boost)  
  42  5:40  Probe (Chrono Boost)  
  39  6:03  Stalker  
  39  6:04  Stalker x2  
  43  6:33  Pylon  
  43  6:34  Pylon  
  43  6:42  Stalker  
Show
View Real Time Build Order
Export as new Build Order

SubN Zerg 

Build Orders: Hatch First, Ravager All-In 

Get SALT Encoding   

  12  0:00  Drone  
  13  0:12  Overlord  
  13  0:16  Drone  
  14  0:30  Drone x2  
  16  0:49  Hatchery  
  15  0:51  Drone  
  16  0:58  Drone  
  16  1:01  Drone  
  18  1:05  Extractor  
  17  1:15  Spawning Pool  
  17  1:17  Drone  
  17  1:21  Drone  
  19  1:51  Drone  
  19  1:52  Overlord  
  20  2:03  Spine Crawler  
  20  2:04  Queen  
  20  2:08  Drone x2, Roach Warren  
  20  2:09  Extractor  
  21  2:23  Drone  
  21  2:25  Drone  
  23  2:38  Drone  
  24  2:48  Overlord  
  24  2:58  Roach  
  26  3:09  Roach  
  26  3:12  Roach  
  30  3:13  Roach x2  
  34  3:20  Ravager  
  34  3:21  Overlord  
  35  3:32  Ravager  
  35  3:33  Ravager x2  
  38  3:38  Overlord  
  38  3:46  Roach x3  
  38  3:47  Roach  
  43  4:03  Roach  
  43  4:05  Ravager  
  46  4:12  Roach  
  48  4:20  Overlord x2  
  48  4:23  Ravager  
  49  4:24  Zergling x4  
  49  4:31  Overlord  
  51  4:58  Lair  
  48  5:01  Metabolic Boost  
  48  5:02  Zergling x2  
  48  5:03  Zergling x6  
  52  5:18  Ravager  
  53  5:25  Ravager  
  53  5:28  Zergling x4  
  55  5:30  Zergling x4  
  55  5:31  Zergling x2  
  57  5:52  Zergling x2  
  57  5:53  Zergling x2  
  44  6:11  Zergling x2  
  44  6:12  Zergling x6  
  41  6:24  Roach  
  42  6:31  Roach  
  42  6:32  Roach  
  41  6:46  Ravager  
Tags
 
Add a new tag
Caveats
  • Supply blocks, unpowered buildings, or Contaminate may cause inaccurate times.
  • Supply counts are checked every 10 seconds.